 Dungeon Crawl Stone Soup version 0.29-a0-775-g4d7333d4e2 (webtiles) character file.

Game seed: 3317146693236186065

1102 Mesmaeker13 the Trooper (level 8, 0/88 HPs)
             Began as an Ogre Gladiator on July 1, 2022.
             Slain by a hornet (8 damage)
             ... on level 5 of the Dungeon.
             The game lasted 00:07:02 (6234 turns).

Mesmaeker13 the Trooper (Ogre Gladiator)            Turns: 6234, Time: 00:07:03

Health: 0/88       AC:  3    Str: 21    XL:     8   Next: 32%
Magic:  8/8        EV: 15    Int:  9    God:
Gold:   238        SH:  0    Dex: 10    Spells: 7/7 levels left

rFire   . . .      SeeInvis .   t - +0 morningstar (protect)
rCold   . . .      Faith    .   (no shield)
rNeg    . . .      Spirit   .   b - +0 robe
rPois   +          Reflect  .   c - +0 hat
rElec   .          Harm     .   (no cloak)
rCorr   .          Rampage  .   (gloves unavailable)
Will    .....                   (boots unavailable)
Stlth   +.........              (no amulet)
HPRegen 0.24/turn               u - ring of poison resistance
MPRegen 0.11/turn               l - +4 ring of evasion

@: slowed, very slow
A: large, unfitting armour, tough skin 1
a: no special abilities


You were on level 5 of the Dungeon.
You visited 1 branch of the dungeon, and saw 5 of its levels.

You collected 238 gold pieces.

Inventory:

Hand Weapons
 d - a +0 morningstar
 q - a +0 giant spiked club of freezing
 t - a +0 morningstar of protection (weapon)
 x - a +2 whip of electrocution
 y - a +0 sling
Missiles
 r - a large rock (quivered)
Armour
 b - a +0 robe (worn)
 c - a +0 hat (worn)
Jewellery
 f - a ring of protection from cold
 l - a +4 ring of evasion (right hand)
 u - a ring of poison resistance (left hand)
 A - a ring of positive energy
Wands
 e - a wand of polymorph (19)
 w - a wand of mindburst (23)
 B - a wand of flame (29)
Scrolls
 a - 2 scrolls of acquirement {unknown}
 j - a scroll of fog
 m - 3 scrolls of teleportation
 o - 3 scrolls of enchant armour
 p - a scroll of fear {unknown}
Potions
 g - 2 potions of brilliance
 h - 5 potions of curing
 i - a potion of cancellation
 k - a potion of degeneration {unknown}
 n - 2 potions of lignification
 s - a potion of berserk rage {unknown}
 v - a potion of ambrosia
 z - a potion of flight
 C - a potion of heal wounds {unknown}


   Skills:
 + Level 7.7 Fighting
 + Level 5.7 Maces & Flails
 - Level 2.0 Throwing
 + Level 5.7 Dodging


You had 7 spell levels left.
You didn't know any spells.
Your spell library contained the following spells:

 Spells                   Type           Power      Damage    Failure   Level
 Scorch                   Fire           0%         2d5       52%         2
 Flame Wave               Conj/Fire      0%         2d4       99%         4
 Summon Cactus Giant      Summ           0%         N/A       100%        6


Dungeon Overview and Level Annotations

Branches:
Dungeon (5/15)
 Temple: D:4-7

Altars:
Ashenzari
Wu Jian
The Shining One

Shops:
D:3 *


Innate Abilities, Weirdness & Mutations

You are too large for most types of armour.
You have tough skin. (AC +1)


Message History

Unknown command.
Aiming: Mindburst
Press: ? - help, Shift-Dir - straight line, f/p - hornet
Aim: a hornet (chance to affect: 55%)
The hornet resists with significant effort.
You feel yourself speed up. The hornet stings you!
You feel yourself slow down. The hornet stings you.
You feel as though you will be slow longer.
Aiming: Mindburst
Press: ? - help, Shift-Dir - straight line, f/p - hornet
Aim: a hornet (chance to affect: 55%)
The hornet's mind is blasted!
The hornet stings you!
You suddenly lose the ability to move!
The hornet stings you!
The hornet stings you but does no damage.
The hornet stings you!
You feel as though you will be slow longer.
You can move again.
Aiming: Mindburst
Press: ? - help, Shift-Dir - straight line, f/p - hornet
Aim: a hornet (heavily wounded, chance to affect: 55%)
The hornet's mind is blasted!
The hornet misses you. x2
Unknown command.
You barely miss the hornet.
The hornet is almost dead.
The hornet stings you. The hornet stings you!
* * * LOW HITPOINT WARNING * * *
The hornet closely misses you.
You closely miss the hornet.
The hornet is almost dead.
The hornet barely misses you. x2
Unknown command.
Aiming: Mindburst
Press: ? - help, Shift-Dir - straight line, f/p - hornet
Aim: a hornet (almost dead, chance to affect: 55%)
The hornet resists with significant effort.
The hornet barely misses you. The hornet stings you.
* * * LOW HITPOINT WARNING * * *
You feel as though you will be slow longer.
The hornet stings you!
You die...

..###..## #.# ########....
.###...# #.# ##... .##...##
#.####### ##... .#...##
#..##...#### #.... .<..#####
#..........####.... ....###.###
##...............## .....##...#
##.............## .........##
###################
####...######...@yo..# .S.#
.##.#..## #......#...# ....S
.##..##.###.....##...#...h.. ####
......##.#......##...'....so #..#
.##...........####...#...... #..#
.........####### #...# ..... #..#
.##..##..###..(###...# ...# #...
###..##..##.....##...# ######...
..###.#..#.......#...####........


You could see a hornet and an orc.

Vanquished Creatures
  A water moccasin (D:5)
  An ogre (D:5)
  A bullfrog (D:5)
  A necrophage (D:3)
  6 scorpions
  3 wights (D:5)
  2 hounds (D:5)
  Ijyb (D:3)
  Terence (D:3)
  An iguana (D:5)
  An orc wizard (D:2)
  5 adders
  2 worms
  5 dart slugs (D:1)
  4 orcs (D:3)
  3 ball pythons
  5 endoplasms
  3 giant cockroaches (D:4)
  6 goblins
  3 hobgoblins (D:1)
  2 jackals (D:1)
  8 kobolds
  5 quokkas
  A bat (D:2)
  A frilled lizard (D:3)
  A rat (D:1)
73 creatures vanquished.

Notes
Turn   | Place    | Note
-------+----------+-------------------------------------------
     0 | D:1      | Mesmaeker13 the Ogre Gladiator began the quest for the Orb.
     0 | D:1      | Reached XP level 1. HP: 22/22 MP: 1/1
   163 | D:1      | Reached skill level 3 in Fighting
   179 | D:1      | Reached XP level 2. HP: 31/31 MP: 2/2
   313 | D:1      | Found a faded altar of an unknown god.
   971 | D:1      | Reached XP level 3. HP: 34/37 MP: 3/3
  2704 | D:3      | Found Baucil's Assorted Antiques.
  2747 | D:3      | Reached XP level 4. HP: 28/48 MP: 4/4
  2909 | D:3      | Noticed Terence
  2931 | D:3      | Killed Terence
  2932 | D:3      | Reached skill level 4 in Fighting
  3178 | D:3      | Noticed Ijyb
  3193 | D:3      | Killed Ijyb
  3294 | D:3      | Found an ornate altar of the Wu Jian Council.
  3294 | D:3      | Found a broken altar of Ashenzari.
  3345 | D:3      | Noticed a necrophage
  3353 | D:3      | Killed a necrophage
  3354 | D:3      | Reached XP level 5. HP: 39/55 MP: 5/5
  3776 | D:3      | Reached skill level 5 in Fighting
  3776 | D:3      | Reached XP level 6. HP: 33/66 MP: 6/6
  4694 | D:5      | Entered Level 5 of the Dungeon
  4848 | D:5      | Reached XP level 7. HP: 71/74 MP: 7/7
  4981 | D:5      | Reached skill level 6 in Fighting
  5264 | D:5      | Reached skill level 5 in Dodging
  5292 | D:5      | Found a glowing golden altar of the Shining One.
  5423 | D:5      | Reached skill level 5 in Maces & Flails
  5735 | D:5      | Reached skill level 7 in Fighting
  5816 | D:5      | Reached XP level 8. HP: 74/87 MP: 8/8
  6223 | D:5      | Noticed a hornet
  6229 | D:5      | Paralysed by a hornet for 2 turns
  6234 | D:5      | Slain by a hornet

Illustrated notes

Levels and vault maps discovered:
D:1:      dpeg_arrival_solitude, layout_loops_ring,
          shapermc_ecumenical_altar_notcrosses
D:2:      layout_loops_corners
D:3:      layout_rooms, gammafunk_temple_overflow_pools, serial_shops,
          shop_fountains, nicolae_eternal_life, serial_park_tiny_1,
          nrook_campfire, uniq_ijyb, uniq_terence
D:4:      layout_gridville
D:5:      minmay_opposing_rooms, layout_layer_cave, tso_metal_star

Skill      XL: |  1  2  3  4  5  6  7 |
---------------+----------------------+-----
Fighting       | 3 4 5 7 |  7.7
Dodging        | 3 4 5 |  5.7
Maces & Flails | 3 4 5 |  5.7
Throwing       | |  2.0

Action                   |  1- 3 |  4- 6 |  7- 9 || total
-------------------------+-------+-------+-------++-------
Melee: Flail             |   125 |     3 |       ||   128
       Punch             |     2 |     1 |     1 ||     4
       Morningstar       |       |   111 |    57 ||   168
Throw: Throwing net      |     3 |     1 |       ||     4
       Large rock        |     1 |     4 |     2 ||     7
Evoke: Wand              |       |       |     9 ||     9
  Use: Scroll            |     4 |     5 |     2 ||    11
       Potion            |     1 |     1 |       ||     2
 Stab: Sleeping          |     2 |       |       ||     2
       Held in net/web   |     2 |       |       ||     2
Armor: Robe              |    31 |    35 |    10 ||    76
Dodge: Dodged            |    53 |    95 |    64 ||   212

Table legend: (Time is in decaauts)
 A = Elapsed time spent in this place.
 B = Non-inter-level travel time spent in this place.
 C = Inter-level travel time spent in this place.
 D = Time resting spent in this place.
 E = Time spent auto-exploring this place.
 F = Levels seen in this place.
 G = Mean time per level.
                   A        B        C        D        E       F      G
               +--------+--------+--------+--------+--------+-----+--------+
         Total |   6323 |   6178 |    145 |   1456 |   3758 |   5 | 1264.6 |
       Dungeon |   6323 |   6178 |    145 |   1456 |   3758 |   5 | 1264.6 |
               +--------+--------+--------+--------+--------+-----+--------+

Top non-repeatable levels by time:
     D:1: 1631 daAuts
     D:3: 1454 daAuts
     D:5: 1431 daAuts
     D:2: 1123 daAuts
     D:4: 682 daAuts
